 Dungeon Crawl Stone Soup version 0.26-a0-812-g31a745ddcd (webtiles) character file.

Game seed: 18159237289340285565

25 funkygono the Gusty (level 2, -3/15 HPs)
             Began as a Deep Elf Air Elementalist on Nov 24, 2020.
             Slain by a worm (4 damage)
             ... on level 2 of the Dungeon on Nov 25, 2020.
             The game lasted 00:03:10 (1614 turns).

funkygono the Gusty (Deep Elf Air Elementalist)     Turns: 1614, Time: 00:03:11

Health: -3/15      AC:  6    Str:  5    XL:     2   Next: 82%
Magic:  0/8        EV: 13    Int: 19    God:
Gold:   55         SH:  0    Dex: 15    Spells: 4/7 levels left

rFire    . . .     SeeInvis .   h - +0 whip
rCold    . . .     Faith    .   (no shield)
rNeg     . . .     Spirit   .   j - +1 robe
rPois    .         Reflect  .   (no helmet)
rElec    .         Harm     .   (no cloak)
rCorr    .         Rampage  .   c - +2 pair of gloves
MR       .....                  (no boots)
Stlth    ++........             (no amulet)
HPRegen  0.05/turn              (no ring)
MPRegen  0.11/turn              (no ring)

@: no status effects
A: no striking features
a: no special abilities


You were on level 2 of the Dungeon.
You visited 1 branch of the dungeon, and saw 2 of its levels.

You collected 55 gold pieces.

Inventory:

Hand Weapons
 d - a +0 dagger
 h - a +0 whip (weapon)
Missiles
 b - 26 stones (quivered)
Armour
 c - a +2 pair of gloves (worn)
 j - a +1 robe (worn)
Potions
 a - a potion of mutation {unknown}
 e - 2 potions of curing {unknown}
 i - a potion of might {unknown}
 k - a potion of attraction {unknown}


   Skills:
 + Level 2.4 Dodging
 + Level 2.4 Stealth
 * Level 3.4 Spellcasting
 * Level 1.7 Conjurations
 * Level 3.5 Air Magic


You had 4 spell levels left.
You knew the following spells:

 Your Spells              Type           Power        Failure   Level
a - Shock                 Conj/Air       ##..         4%          1
b - Swiftness             Air            ###.....     4%          2

Your spell library contained the following spells:

 Spells                   Type           Power        Failure   Level
 Static Discharge         Conj/Air       ##......     14%         3
 Airstrike                Air            ###.......   32%         4
 Lightning Bolt           Conj/Air       ##........   80%         5


Dungeon Overview and Level Annotations

Branches:
Dungeon (2/15)

Altars:


Message History

Your magical contamination has completely faded away.
You hit the worm but do no damage.
The worm is severely wounded.
The worm bites you.
Casting: Shock (safe; 4% risk of failure)
Confirm with . or Enter, or press ? or * to list all spells.
Aiming: Shock (safe; 4% risk of failure)
Press: ? - help, Shift-Dir - straight line, f/p - worm
Aim: a worm (severely wounded)
The zap hits the worm.
The worm is almost dead.
The worm misses you.
You barely miss the worm.
The worm is severely wounded.
You hit the worm but do no damage.
The worm is severely wounded.
The worm bites you.
* * * LOW HITPOINT WARNING * * *
The worm bites you.
You die...

### #.#
######.. #.#
........ #.#
.......# #.#
######## #.#
######## #.#
#...w.). #.#
#.######
#@#########.#
#
#.w.........#
#
#############
# #


You could see a worm.

Vanquished Creatures
  3 bats (D:1)
  2 giant cockroaches (D:1)
  3 goblins (D:1)
  2 hobgoblins (D:1)
  3 jackals (D:1)
  A frilled lizard (D:1)
  4 kobolds (D:1)
  7 rats
25 creatures vanquished.

Notes
Turn   | Place    | Note
-------+----------+-------------------------------------------
     0 | D:1      | funkygono the Deep Elf Air Elementalist began the quest for
                  | the Orb.
     0 | D:1      | Reached XP level 1. HP: 10/10 MP: 6/6
   468 | D:1      | Reached XP level 2. HP: 15/15 MP: 5/8
   472 | D:1      | Learned a level 2 spell: Swiftness
  1614 | D:2      | Slain by a worm

Illustrated notes

Levels and vault maps discovered:
D:1:      erik_arrival_orb_chamber, layout_basic
D:2:      layout_loops_ring, doesnt_xom_only_xom

Action                   || total
-------------------------++-------
Melee: Unarmed           ||    11
       Whip              ||    13
 Cast: Shock             ||    69
  Use: Scroll            ||     2
Armor: Robe              ||     3
Dodge: Dodged            ||    16

Table legend: (Time is in decaauts)
 A = Elapsed time spent in this place.
 B = Non-inter-level travel time spent in this place.
 C = Inter-level travel time spent in this place.
 D = Time resting spent in this place.
 E = Time spent auto-exploring this place.
 F = Levels seen in this place.
 G = Mean time per level.
                   A        B        C        D        E       F      G
               +--------+--------+--------+--------+--------+-----+--------+
         Total |   1615 |   1585 |     30 |     42 |   1288 |   2 |  807.5 |
       Dungeon |   1615 |   1585 |     30 |     42 |   1288 |   2 |  807.5 |
               +--------+--------+--------+--------+--------+-----+--------+

Top non-repeatable levels by time:
     D:1: 1514 daAuts
     D:2: 100 daAuts
